Match 45861038
Unlisted

Match 45861038
End
Pioneer Squad
Construct Infanterie Kompanie
Grenadier Squad
Selects Breakthrough Battlegroup
Selects Assault Grenadiers
Grenadier Squad
Grenadier Squad
MG 42 Machine Gun Team
Infanterie Officer Quarters
Construct Luftwaffe Kompanie
Selects Rapid Production
Jäger Squad
Support Elements
Wirbelwind Flakpanzer
Selects Breakthrough
Breakthrough
Jäger Squad
Luftwaffe Officer Quarters
Medical Station
Wirbelwind Flakpanzer
Jäger Squad
Selects Blitzkrieg
Side Skirts
Marder III M Tank Destroyer
Selects Mechanized Assault Group
Breakthrough
Mechanized Assault Group
Pioneer Squad
Breakthrough
Selects Tiger Heavy Tank
Tiger Heavy Tank
Pioneer Squad
Wirbelwind Flakpanzer
Pioneer Squad
Pioneer Squad
Construct Panzer Kompanie
Breakthrough
1st SubStar
Adamir@Magnum.CZ
CAuMOH
✠Kaiser✠ tushkan
0
0

Comments sign in to comment!

No comments posted yet!